 Dungeon Crawl Stone Soup version 0.30-a0-1112-gfb780f5df6 (webtiles) character file.

Game seed: 15545211088552878123

98 ytrimaz the Ducker (level 4, -6/31 HPs)
             Began as an Octopode Fighter on Apr 19, 2023.
             Mangled by a gnoll
             ... wielding a +0 halberd
              (16 damage)
             ... on level 3 of the Dungeon.
             The game lasted 00:02:29 (1496 turns).

ytrimaz the Ducker (Octopode Fighter)               Turns: 1496, Time: 00:02:29

Health: -6/31      AC:  1    Str: 15    XL:     4   Next: 69%
Magic:  4/4        EV: 14    Int: 10    God:
Gold:   101        SH:  4    Dex: 13    Spells: 3/3 levels left

rFire   . . .      SeeInvis .    a - +0 long sword
rCold   . . .      Faith    .    b - +0 buckler
rNeg    . . .      Spirit   .    (helmet restricted)
rPois   .          Reflect  .    (no amulet)
rElec   .          Rampage  .    (no ring)
rCorr   .                        (no ring)
Will    .....                    (no ring)
Stlth   ++                       (no ring)
HPRegen 0.25/turn                (no ring)
MPRegen 0.09/turn                (no ring)
                                 (no ring)
                                 (no ring)

@: no status effects
A: almost no armour, amphibious, 8 rings, camouflage 1, gelatinous body 1,
(nimble swimmer 1), tentacles
a: no special abilities


You were on level 3 of the Dungeon.
You visited 1 branch of the dungeon, and saw 3 of its levels.

You collected 101 gold pieces.


Innate Abilities, Weirdness & Mutations

You cannot wear most types of armour.
You are amphibious.
You can wear up to eight rings at the same time.
Your skin changes colour to match your surroundings (Stealth+).
Your rubbery body absorbs attacks. (AC +1, EV +1)
((You are camouflaged when in or above water. (Stealth+)))
You have tentacles for arms and can constrict up to eight enemies at once.


   Skills:
 - Level 3.0 Fighting
 + Level 3.6 Long Blades
 + Level 4.2 Dodging
 - Level 3.0 Shields


You had 3 spell levels left.
You didn't know any spells.
Your spell library contained the following spells:

 Spells                   Type           Power      Damage    Failure   Level
 Cigotuvi's Dreadful Rot  Necr/Pois/Air  0%         N/A       58%         2
 Dispel Undead            Necr           0%         3d6       99%         4
 Death Channel            Necr           0%         N/A       100%        6

Inventory:

Hand Weapons
 a - a +0 long sword (weapon)
Armour
 b - a +0 buckler (worn)
Scrolls
 e - 2 scrolls of immolation
 g - 2 scrolls of enchant armour
 i - a scroll of amnesia {unknown}
Potions
 c - 2 potions of might
 d - a potion of cancellation {unknown}
 f - a potion of mutation
 h - a potion of curing {unknown}
 j - a potion of heal wounds {unknown}

Dungeon Overview and Level Annotations

Branches:
Dungeon (3/15) Zot: 16479

Altars:

Shops:
D:1

( ...........#.. #.#
.>####....#.# #.# #.#
........g..#.# #.# #.#
.........(.#.# #.# #.#
.........g.#.# #.# #.#
#####......#.# #.# #.#
#........# #.# #.#
#####....#.#####.# #.#
............g@)..# #.#
#######.########## #.#####
>.............. #.....#
#######.################.##
#...................#
#.################.## ###
###


You could see a gnoll.


Message History

You hit the hobgoblin.
You kill the hobgoblin!
You see here a +1 helmet.
You now have 88 gold pieces (gained 12).
You now have 101 gold pieces (gained 13).
Key pressed, stopping explore.
You see here a +1 helmet.
Key pressed, stopping explore.
An adder comes into view.
An adder is nearby!
The adder hisses angrily.
The adder bites you but does no damage.
You miss the adder. Your grab misses the adder. You squeeze the adder!
You block the adder's attack. The adder barely misses you.
You hit the adder.
You kill the adder!
You see here an adder corpse.
No target in view!
i - a scroll labelled UMYIGH PIHELEA No target in view!
A bat comes into view.
A bat is nearby!
The helpless bat fails to defend itself.
You hit the bat.
You kill the bat!
No target in view!
No target in view!
No target in view!
You see here a bat corpse.
Key pressed, stopping explore.
Key pressed, stopping explore.
Done exploring.
Done exploring.
Done exploring.
Done exploring.
There is a stone staircase leading down here.
You climb downwards.
There is a stone staircase leading up here.
Key pressed, stopping explore.
Key pressed, stopping explore.
No target in view!
Found an escape hatch in the floor.
No target in view!
Found a stone staircase leading down.
No target in view!
A gnoll comes into view. It is wielding a +0 club.
A gnoll is nearby!
A gnoll comes into view. It is wielding a +0 spear.
There are monsters nearby!
The gnoll shouts!
You hear a shout!
A gnoll comes into view. It is wielding a +0 spear.
A gnoll comes into view. It is wielding a +0 halberd.
The gnoll shouts!
The gnoll throws a throwing net.
The throwing net hits you.
You become entangled in the net!
You see here a throwing net.
You struggle against the net.
You struggle against the net.
The gnoll hits you from afar with a +0 spear. 😕 HP[-5]
You take 5 damage, and now have 26/31 hp.
You shred the net and break free! You block the gnoll's attack.
The gnoll throws a throwing net.
You block the throwing net.
You see here a throwing net. 😕 HP[+1] 😕 HP[+1] 😕 HP[+1]
The gnoll misses you.
You slash the gnoll! Your grab misses the gnoll.
The gnoll completely misses you.
The gnoll hits you with a +0 spear. 😕 HP[-1]
You take 1 damage, and now have 28/31 hp.
You hit the gnoll.
You kill the gnoll!
The gnoll hits you from afar with a +0 spear. 😕 HP[-2]
You take 2 damage, and now have 26/31 hp.
The gnoll closely misses you. The gnoll hits you with a +0 spear.
You see here a +0 spear. 😕 HP[-2]
You take 2 damage, and now have 24/31 hp.
You hit the gnoll but do no damage. You grab the gnoll. You squeeze the gnoll.
You constrict the gnoll. The gnoll barely misses you.
The gnoll closely misses you.
You hit the gnoll. You squeeze the gnoll. You constrict the gnoll.
You kill the gnoll!
The gnoll hits you from afar with a +0 halberd.
The gnoll hits you from afar with a +0 halberd!
* * * LOW HITPOINT WARNING * * *
Unknown command. 😨 HP[-14]
You take 14 damage, and now have 10/31 hp.
MASSIVE DAMAGE!! (PAUSE)
The gnoll barely misses you.
You see here a +0 spear.
You barely miss the gnoll. Your grab misses the gnoll.
The gnoll hits you with a +0 halberd!
Ouch! That really hurt!
You die...

Skill      XL: |  1  2  3 |
---------------+----------+-----
Long Blades    | 3 |  3.6
Dodging        | 4 |  4.2
Fighting       | |  3.0
Shields        | |  3.0

Action                     |  1- 3 |  4- 6 || total
---------------------------+-------+-------++-------
  Melee: Long sword        |    66 |    12 ||    78
         Constrict         |    18 |     2 ||    20
         Tentacles         |     8 |     4 ||    12
    Use: Scroll            |     3 |     3 ||     6
   Stab: Sleeping          |     7 |     1 ||     8
 Armour: Skin              |     6 |     1 ||     7
  Dodge: Dodged            |    45 |     9 ||    54
  Block: Buckler           |    10 |     4 ||    14

Levels and vault maps discovered:
D:1:      dpeg_arrival_erosion, layout_basic, serial_shops,
          nicolae_shop_temple_entry_statues_fountains,
          chequers_decorated_corner, nrook_mini_backslash,
          chequers_serial_rivers_micro_a
D:2:      layout_basic
D:3:      layout_basic, old_standard_altar, jmf_multi_god_temple2,
          wander_ebering_terrifying_dragon_lair

Notes
Turn   | Place    | Note
-------+----------+-------------------------------------------
     0 | D:1      | ytrimaz the Octopode Fighter began the quest for the Orb.
     0 | D:1      | Reached XP level 1. HP: 16/16 MP: 1/1
     0 | D:1      | magus.rc [v1.9.6]
    22 | D:1      | You pick up a book of Decay and begin reading...
    22 | D:1      | You add the spells Cigotuvi's Dreadful Rot, Dispel Undead
                  | and Death Channel to your library.
   185 | D:1      | Found Qulun's Antique Weapon Shop.
   247 | D:1      | Reached XP level 2. HP: 21/21 MP: 2/2
   806 | D:2      | Identified the +4 leather armour of the Hidden Bones
                  | {Rampage Int-4 Dex+5}
   842 | D:2      | Reached XP level 3. HP: 22/26 MP: 3/3
   858 | D:2      | Reached skill level 3 in Long Blades
  1148 | D:2      | Reached skill level 4 in Dodging
  1148 | D:2      | Reached XP level 4. HP: 31/31 MP: 4/4
  1496 | D:3      | Mangled by a gnoll

Vanquished Creatures
  4 adders (D:2)
  2 gnolls (D:3)
  A worm (D:2)
  5 endoplasms
  2 giant cockroaches
  A goblin (D:2)
  9 hobgoblins
  2 kobolds (D:1)
  2 quokkas
  A ball python (D:1)
  5 bats
  2 frilled lizards
  3 rats
39 creatures vanquished.

Table legend:
 A = Non-vault XP
 B = Vault XP
 C = Vault XP percentage of total XP
 D = Non-vault monster count
 E = Vault monster count
 F = Vault count percentage of total count
                 A         B        C        D         E       F
            +---------+---------+-------+---------+---------+-------
      Total |     140 |       0 |   0.0 |      39 |       0 |   0.0
            +---------+---------+-------+---------+---------+-------
        D:1 |      25 |       0 |   0.0 |      15 |       0 |   0.0
        D:2 |      88 |       0 |   0.0 |      22 |       0 |   0.0
        D:3 |      27 |       0 |   0.0 |       2 |       0 |   0.0
            +---------+---------+-------+---------+---------+-------

Illustrated notes

Table legend:
 A = Kills in this place as a percentage of kills in the entire game.
 B = Kills by you in this place as a percentage of kills by you in the entire game.
 C = Kills by friends in this place as a percentage of kills by friends in the entire game.
 D = Other kills in this place as a percentage of other kills in the entire game.
 E = Experience gained in this place as a percentage of experience gained in the entire game.
 F = Experience gained in this place divided by the number of levels of this place that you have seen.
                   A       B       C       D       E      F
               +-------+-------+-------+-------+-------+----------------------
         Total | 100.0 | 100.0 |   N/A |   N/A | 100.0 |  46.7
       Dungeon | 100.0 | 100.0 |   N/A |   N/A | 100.0 |  46.7
               +-------+-------+-------+-------+-------+----------------------

Table legend: (Time is in decaauts)
 A = Elapsed time spent in this place.
 B = Non-inter-level travel time spent in this place.
 C = Inter-level travel time spent in this place.
 D = Time resting spent in this place.
 E = Time spent auto-exploring this place.
 F = Levels seen in this place.
 G = Mean time per level.
                   A        B        C        D        E       F      G
               +--------+--------+--------+--------+--------+-----+--------+
         Total |   1518 |   1472 |     46 |     11 |   1144 |   3 |  506.0 |
       Dungeon |   1518 |   1472 |     46 |     11 |   1144 |   3 |  506.0 |
               +--------+--------+--------+--------+--------+-----+--------+

Top non-repeatable levels by time:
     D:2: 723 daAuts
     D:1: 714 daAuts
     D:3: 80 daAuts
